 Dungeon Crawl Stone Soup version 0.31-a0-1388-g4b2ba238e7 (webtiles) character file.

Game seed: 304363311650803317

521046 Graknight the Impregnable (level 25, -1/140 HPs)
             Began as a Gargoyle Fighter on Dec 25, 2023.
             Was the Champion of the Shining One.
             Slain by an azure jelly (9 damage)
             ... created by the Royal Jelly
             ... on level 5 of the Pits of Slime.
             The game lasted 01:18:38 (61671 turns).

Graknight the Impregnable (Gargoyle Fighter)       Turns: 61671, Time: 01:18:39

Health: -1/140     AC: 63    Str: 34    XL:     25   Next: 29%
Magic:  10/31      EV: 13    Int:  9    God:    the Shining One [******]
Gold:   3742       SH: 34    Dex: 10    Spells: 26/38 levels left

rFire   + + +        a - +9 eveningstar (holy)
rCold   + + .        c - +2 shield of Resistance {rF++ rC++ Will++}
rNeg    + + +        b - +8 orange crystal plate armour {Archmagi, Int+3 Clar}
rPois   ∞            F - +0 helmet "Sonar Woe" {Rampage rN+ Will+ rCorr}
rElec   +            W - +2 cloak {Will+}
rCorr   +            z - +1 pair of gloves {Dex+3}
SInv    .            O - +2 pair of boots of the Banana {rF+ Str+3}
Will    +++++        I - amulet of reflection Stlth
                     S - ring "Fuketos" {rC+ rN+ EV+5}
HPRegen 0.43/turn    V - +4 ring of protection
MPRegen 0.22/turn

%: reflection, clarity, rampage, archmagi
@: mighty, divinely shielded, corroded, flying, glowing, studying Throwing
A: sickness immunity, AC +19, big wings, negative energy resistance 1,
electricity resistance, torment resistance 1, petrification resistance, clarity,
clumsy 1, dopey 1, frail 2, low MP 1, sense surroundings 1, screaming 2, weak 1,
no potion heal 1, cold vulnerability 1, subdued magic 1, inability to drink
after injury 1, inability to read after injury 1, devolution 1, persistent drain
}: 3/15 runes: serpentine, barnacled, silver
a: Renounce Religion, Divine Shield, Cleansing Flame, Summon Divine Warrior


You were on level 5 of the Pits of Slime.
You worshipped the Shining One.
The Shining One was exalted by your worship.
You visited 10 branches of the dungeon, and saw 47 of its levels.
You also visited: Bailey and Ice Cave.

You collected 6812 gold pieces.
You spent 3070 gold pieces at shops.

Inventory:

Hand Weapons
 a - a +9 eveningstar of holy wrath (weapon)
Missiles
 B - 6 throwing nets
Armour
 b - the +8 orange crystal plate armour (worn) {Archmagi, Int+3 Clar}
   (Okawaru gifted it to you on level 3 of the Lair of Beasts)

   Int+3:     It affects your intelligence (+3).
   Clar:      It protects you from confusion, rage, mesmerisation and fear.
 c - the +2 shield of Resistance (worn) {rF++ rC++ Will++}
   (You acquired it on level 2 of the Lair of Beasts)

   rF++:      It greatly protects you from fire.
   rC++:      It greatly protects you from cold.
   Will++:    It greatly increases your willpower.
 l - the +10 tower shield of Ignorance {rN+ Int-4}
   (You found it on level 12 of the Dungeon)

   Int-4:     It affects your intelligence (-4).
   rN+:       It protects you from negative energy.
 z - a +1 pair of gloves of dexterity (worn)
 F - the +0 helmet "Sonar Woe" (worn) {Rampage rN+ Will+ rCorr}
   (You acquired it in a bailey)

   rN+:       It protects you from negative energy.
   Will+:     It increases your willpower.
   rCorr:     It protects you from acid and corrosion.
   Rampage:   It bestows one free step when moving towards enemies.
 O - the +2 pair of boots of the Banana (worn) {rF+ Str+3}
   (You found it on level 5 of the Lair of Beasts)

   Str+3:     It affects your strength (+3).
   rF+:       It protects you from fire.
 W - a +2 cloak of willpower (worn)
Jewellery
 o - a ring of resist corrosion
 I - an amulet of reflection (around neck)
 L - a +4 ring of protection
 M - a ring of protection from cold
 R - a ring of wizardry
 S - the ring "Fuketos" (left hand) {rC+ rN+ EV+5}
   (You found it on level 12 of the Dungeon)

   [ring of evasion]

   EV+5:      It affects your evasion (+5).
   rC+:       It protects you from cold.
   rN+:       It protects you from negative energy.
 V - a +4 ring of protection (right hand)
 Z - a ring of wizardry
Wands
 i - a wand of digging (13)
 p - a wand of flame (104)
 w - a wand of iceblast (68)
 A - a wand of paralysis (51)
 D - a wand of mindburst (32)
 E - a wand of light (19)
 N - a wand of polymorph (40)
Scrolls
 e - 13 scrolls of teleportation
 f - 8 scrolls of amnesia
 k - a scroll of silence
 n - 8 scrolls of enchant armour
 r - a scroll of revelation
 s - 4 scrolls of blinking
 t - 9 scrolls of noise
 v - 15 scrolls of immolation
 y - 2 scrolls of vulnerability
 C - 8 scrolls of poison
 H - 7 scrolls of fear
 K - 10 scrolls of fog
 Q - 5 scrolls of enchant weapon
 Y - 2 scrolls of brand weapon
Potions
 d - 2 potions of might
 g - 6 potions of attraction
 h - 7 potions of enlightenment
 j - 28 potions of curing
 m - 10 potions of haste
 q - 12 potions of brilliance
 u - a potion of ambrosia
 x - 5 potions of mutation
 G - 10 potions of heal wounds
 J - 7 potions of lignification
 P - 3 potions of resistance
 T - 4 potions of cancellation
 U - 2 potions of magic
 X - 3 potions of berserk rage


   Skills:
 + Level 22.4 Fighting
 + Level 20.6 Maces & Flails
 + Level 25.9 Armour
 + Level 22.3 Shields
 - Level 7.1 Spellcasting
 - Level 8.5 Conjurations
 - Level 9.4 Earth Magic
 + Level 15.9 Invocations


You had 26 spell levels left.
You knew the following spells:

 Your Spells              Type           Power      Damage    Failure   Level
a - Sandblast             Erth           46%        2d11      1%          1
b - Stone Arrow           Conj/Erth      44%        3d9       6%          3
c - Lehudib's Crystal Sp  Conj/Erth      11%        10d4      100%        8

Your spell library contained the following spells:

 Spells                   Type           Power      Damage    Failure   Level
 Sting                    Conj/Alch      48%        1d6       16%         1
 Passwall                 Alch/Erth      10%        N/A       19%         2
 Brom's Barrelling Bould  Conj/Erth      22%        2d4       22%         4
 Momentum Strike          Conj/Tloc      24%        3d8       24%         2
 Dazzling Flash           Conj/Hex       24%        N/A       45%         3
 Hailstorm                Conj/Ice       12%        3d6       45%         3
 Mephitic Cloud           Conj/Alch/Air  9%         N/A       65%         3
 Apportation              Tloc           6%         N/A       67%         1
 Freeze                   Ice            12%        1d3       67%         1
 Necrotise                Necr           12%        1d4       67%         1
 Summon Small Mammal      Summ           12%        N/A       67%         1
 Animate Armour           Summ/Erth      26%        N/A       80%         4
 Blink                    Tloc           6%         N/A       82%         2
 Jinxbite                 Hex            6%         N/A       82%         2
 Lesser Beckoning         Tloc           6%         N/A       82%         2
 Mercury Vapours          Alch/Air       6%         N/A       82%         2
 Flame Wave               Conj/Fire      12%        2d6       86%         4
 Frozen Ramparts          Ice            6%         1d1       96%         3
 Gell's Gravitas          Tloc           3%         N/A       96%         3
 Inner Flame              Hex/Fire       3%         N/A       96%         3
 Teleport Other           Tloc           3%         N/A       96%         3
 Borgnjor's Vile Clutch   Necr/Erth      6%         N/A       98%         5
 Arcjolt                  Conj/Air       6%         1d16      99%         5
 Animate Dead             Necr           3%         N/A       100%        4
 Ignite Poison            Fire/Alch      3%         N/A       100%        4
 Olgreb's Toxic Radiance  Alch           3%         N/A       100%        4
 Passage of Golubria      Tloc           3%         N/A       100%        4
 Sticky Flame             Fire/Alch      3%         2d4       100%        4
 Vhi's Electric Charge    Tloc/Air       6%         N/A       100%        4
 Agony                    Necr           3%         N/A       100%        5
 Alistair's Intoxication  Alch           2%         N/A       100%        5
 Freezing Cloud           Conj/Ice/Air   4%         6-21      100%        5
 Silence                  Hex/Air        1%         N/A       100%        5
 Conjure Ball Lightning   Conj/Air       6%         3x3d6     100%        6
 Death Channel            Necr           1%         N/A       100%        6
 Dispersal                Tloc           1%         N/A       100%        6
 Plasma Beam              Fire/Air       1%         2x1d11    100%        6
 Haunt                    Necr/Summ      1%         N/A       100%        7
 Borgnjor's Revivificati  Necr           1%         N/A       100%        8
 Discord                  Hex            1%         N/A       100%        8
 Disjunction              Tloc           1%         N/A       100%        8
 Maxwell's Capacitive Co  Air            1%         ∞         100%        8
 Chain Lightning          Conj/Air       6%         3d8       100%        9
 Death's Door             Necr           1%         N/A       100%        9
 Fire Storm               Conj/Fire      6%         8d2       100%        9
 Shatter                  Erth           11%        3d12*     100%        9
 Cigotuvi's Dreadful Rot  Necr/Alch/Air  Unusable   N/A       N/A         2

Dungeon Overview and Level Annotations

Branches:
Dungeon (15/15)            Temple (1/1) D:5            Lair (5/5) D:11
 Shoals (4/4) Lair:2        Snake (4/4) Lair:3        Slime (5/5) Lair:4
    Orc (2/2) D:9             Elf (3/3) Orc:2        Vaults (5/5) D:13
  Crypt (3/3) Vaults:3       Tomb (0/3) Crypt:3      Depths (0/4) D:15
 Bailey (visited)           IceCv (visited)

Altars:
Ashenzari
Cheibriados
Dithmenos
Elyvilon
Fedhas
Gozag
Hepliaklqana
Kikubaaqudgha
Makhleb
Nemelex Xobeh
Okawaru
Qazlal
Ru
Sif Muna
Trog
Uskayaw
Vehumet
Wu Jian
Xom
Yredelemnul
Zin
The Shining One
Jiyva

Shops:
D:8 ?   D:10 [*   D:15 (   Orc:1 [   Orc:2 :![!   Elf:2 :   Snake:1 [?[(
Vaults:1 *   Vaults:3 :   Vaults:4 [

Portals:
Pandemonium: Orc:2

Annotations:
D:12 1 runed translucent door
Snake:4 2 transporters
Slime:5 Royal Jelly


Innate Abilities, Weirdness & Mutations

You are immune to sickness and miasma.
Your stone body is resilient. (AC +19)
You are immune to poison.
Your large and strong wings let you fly.
You resist negative energy. (rN+)
You are resistant to electric shocks. (rElec)
You are resistant to unholy torment.
You are immune to petrification.
You possess an exceptional clarity of mind.
You are clumsy. (Dex -2)
You are dopey. (Int -2)
You are very frail. (-20% HP)
Your magical capacity is low. (-10% MP)
You passively map a small area around you.
You frequently scream uncontrollably at your foes.
You are weak. (Str -2)
Potions are less effective at restoring your health.
You are vulnerable to cold. (rC-)
Your spells are a little easier to cast, but a little less powerful.
You occasionally lose the ability to drink potions when taking damage.
You occasionally lose the ability to read scrolls when taking damage.
You have hidden genetic defects.
Your health recovers twice as slowly from being drained.


Message History

The acid blob is almost dead.
The golden flame engulfs the acid blob.
The acid blob is heavily wounded.
The golden flame engulfs the acid blob!!!
The acid blob is almost dead.
The golden flame engulfs the shining eye!!
You kill the shining eye!
The golden flame engulfs the quicksilver ooze!!
The quicksilver ooze is heavily wounded.
You can read scrolls again.
You block the rockslime's attack. You block the azure jelly's attack. x2
The azure jelly barely misses you.
The azure jelly hits you but does no damage.
The acid blob hits you!
* * * LOW HITPOINT WARNING * * *
You are splashed with acid.
You resist.
* * * LOW HITPOINT WARNING * * *
The acid blob hits you! The Shining One protects you from harm!
You are splashed with acid.
You resist. The Shining One protects you from harm!
The acid blob hits you but does no damage.
A slime creature comes into view.
Unknown command.
Your system partially rejects the healing.
You feel much better. You block the rockslime's attack.
You block the azure jelly's attack. x2
The azure jelly hits you but does no damage. x2
The acid blob jiggles.
The acid blob spits acid at you. The splash of acid hits you. You resist.
* * * LOW HITPOINT WARNING * * *
The acid blob hits you but does no damage.
The acid blob closely misses you.
A glowing orange brain comes into view.
The azure jelly hits you but does no damage.
The azure jelly hits you.
* * * LOW HITPOINT WARNING * * *
The azure jelly freezes you! You resist.
You die...

, * .###* , , .....##
, , , ........# ,,, .
, .......... * , G.
..........# #...
...........####JJ.# *
...........J#JJJ# * ,
...........J@J# , , ,
............#JJG# ,
,,............###...#
............# #...
...........##*** .. ,
............##. , . ,
................
................ , ,
................. ,


You could see the Royal Jelly, a formless jellyfish, 4 acid blobs, 2 azure
jellies, a great orb of eyes, a slime creature, a rockslime and a glowing orange
brain.

Vanquished Creatures
  An ancient lich (Vaults:5)
  Xtahua (Vaults:4)
  Boris (twice) (Vaults:4 Vaults:5)
  Nikola (Vaults:3)
  2 profane servitors (Crypt:3)
  2 golden dragons (Vaults:5)
  4 Tzitzimimeh
  3 doom hounds (Crypt:1)
  4 tentacled monstrosities (Vaults:5)
  Zenata (Vaults:4)
  5 liches
  2 deep elf master archers
  A quicksilver dragon (Vaults:4)
  2 deep elf blademasters
  10 titans
  5 sphinxes
  2 krakens
  9 acid blobs
  11 ancient champions
  Grunn (Crypt:1)
  2 tengu reavers
  4 storm dragons
  4 nagarajas
  The ghost of furman the Swashbuckler, an adept MfSh of Okawaru (Shoals:2)
  2 shadow dragons
  3 rockslimes
  5 revenants
  13 deep elf sorcerers
  An iron dragon (Vaults:5)
  2 azure jellies
  A ghost moth (Vaults:3)
  15 fire giants
  7 frost giants
  12 vault wardens
  4 deep elf elementalists (Elf:3)
  13 ghouls
  A curse skull (Crypt:1)
  16 ironbound preservers
  A reaper (Crypt:1)
  14 stone giants
  4 quicksilver oozes
  A formless jellyfish (Slime:5)
  10 ironbound thunderhulks
  12 orc warlords
  8 vampire knights
  4 very ugly things
  A war gargoyle (Vaults:3)
  6 deep elf annihilators
  7 deep elf demonologists
  9 deep elf death magi
  A putrid mouth (Crypt:1)
  A spark wasp (shapeshifter) (Vaults:5)
  A red draconian (Crypt:1)
  4 dire elephants (Vaults:2)
  A purple draconian (Crypt:1)
  A yellow draconian (Crypt:1)
  11 merfolk javelineers
  2 minotaurs
  7 ettins (Vaults:5)
  3 eidola
  2 crystal guardians (Vaults:4)
  15 merfolk impalers
  2 entropy weavers
  A fire dragon (D:12)
  16 jiangshi
  An entropy weaver (shapeshifter) (Elf:3)
  7 deep elf high priests
  33 vault guards
  7 yaktaur captains
  3 peacekeepers (Vaults:4)
  3 salamander tyrants
  2 caustic shrike simulacra (IceCv)
  2 rakshasas (D:15)
  4 merfolk avatars
  2 hydras
  4 ogre magi
  11 great orbs of eyes
  12 two-headed ogres
  3 demonspawn (Orc:2)
  13 anacondas
  An alligator (shapeshifter) (Vaults:5)
  10 ironbound frosthearts
  23 centaur warriors
  2 death knights (Crypt:2)
  A boulder beetle (D:12)
  A two-headed ogre (shapeshifter) (Vaults:5)
  16 naga warriors
  5 merfolk aquamancers
  A spriggan skeleton (Crypt:1)
  An alligator snapping turtle (Shoals:4)
  A tengu warrior (D:12)
  6 satyrs
  29 dancing weapons
  7 death yaks
  2 deep troll earth magi
  6 vampire magi
  4 shock serpents
  A soul eater (Crypt:3)
  8 orc high priests
  5 naga sharpshooters
  A titan skeleton (Crypt:1)
  4 hell knights (Vaults:3)
  22 deep elf knights
  7 skysharks
  7 salamander mystics
  2 shadow wraiths (Crypt:2)
  A spark wasp zombie (Crypt:3)
  24 skeletal warriors
  8 sea snakes
  3 glowing orange brains
  An orb spider (shapeshifter) (Vaults:5)
  A bog body (Crypt:3)
  43 deep trolls
  6 naga ritualists
  A harpy (shapeshifter) (Vaults:5)
  6 flayed ghosts
  6 orange crystal statues
  37 deep elf zephyrmancers
  21 orc knights
  A tengu zombie (Vaults:4)
  An iron giant skeleton (Crypt:2)
  19 deep elf archers
  6 arcanists
  13 lindwurms
  12 ironbound convokers
  8 harpies
  10 phantasmal warriors
  5 cyclopes
  A faun (shapeshifter) (Vaults:5)
  6 shining eyes
  A lindwurm (shapeshifter) (Vaults:5)
  34 ugly things
  31 deep elf pyromancers
  7 necromancers
  12 orc sorcerers
  A stone giant zombie (Crypt:1)
  23 salamanders
  11 mana vipers
  A frost giant zombie (Crypt:3)
  26 fauns
  18 manticores
  A goliath frog skeleton (Crypt:1)
  6 merfolk sirens
  37 black mambas
  10 naga magi
  The ghost of Raspi the Ruffian, a novice TrSh of Trog (D:6)
  A kobold blastminer (Orc:2)
  A frost giant skeleton (Vaults:1)
  14 elephants
  7 eyes of devastation
  9 guardian serpents
  19 vault sentinels
  A smoke demon (Orc:2)
  13 water nymphs
  A centaur skeleton (Crypt:3)
  2 gargoyles
  10 cane toads
  2 torpor snails
  An unseen horror (D:11)
  An efreet (D:13)
  9 komodo dragons
  A shock serpent skeleton (Crypt:3)
  A green draconian zombie (Crypt:2)
  2 rime drakes
  5 anaconda simulacra (IceCv)
  A swamp worm zombie (Crypt:3)
  An ice devil (Orc:2)
  20 yaktaurs
  A tormentor (Crypt:1)
  10 freezing wraiths
  A tengu conjurer (D:15)
  A black draconian skeleton (Crypt:1)
  A yellow draconian skeleton (Crypt:3)
  2 golden dragon simulacra (IceCv)
  34 merfolk
  2 harpy zombies
  4 guardian mummies (Crypt:2)
  16 meliai
  A yaktaur skeleton (Vaults:4)
  A hellwing (Orc:2)
  A queen bee (shapeshifter) (Vaults:5)
  8 trolls
  14 blink frogs
  2 glass eyes
  3 polar bears
  A boulder beetle zombie (Crypt:3)
  8 wind drakes
  2 hornets (Lair:5)
  Grinder (D:3)
  3 alligator simulacra (IceCv)
  A sun moth zombie (Crypt:1)
  13 snapping turtles
  A guardian serpent skeleton (Crypt:2)
  71 slime creatures
  9 air elementals
  3 shadows
  2 centaur simulacra
  16 water elementals
  4 basilisks
  10 wraiths
  6 vampires
  44 yaks
  7 wyverns
  A fire elemental (Elf:3)
  A black mamba skeleton (Crypt:1)
  8 wargs
  2 steam dragons
  8 vampire mosquitoes
  3 acid dragons
  A harpy simulacrum (IceCv)
  2 human zombies (Vaults:1)
  A water nymph zombie (Crypt:1)
  38 nagas
  A hydra simulacrum (IceCv)
  A glowing shapeshifter skeleton (Crypt:1)
  8 water moccasins
  66 orc warriors
  2 ettin simulacra (IceCv)
  An ice beast (D:4)
  A hornet zombie (Crypt:2)
  4 black bears
  11 ogres
  6 centaurs
  A phantom (D:4)
  2 elf simulacra
  2 kobold brigands
  3 gnoll sergeants
  5 necrophages
  9 bullfrogs
  An earth elemental (Elf:1)
  A scorpion (D:4)
  3 wights (D:7)
  A shapeshifter zombie (Crypt:1)
  2 lindwurm simulacra (IceCv)
  A raiju zombie (Crypt:3)
  6 killer bees (D:9)
  4 electric eels (Bailey)
  A bombardier beetle (D:6)
  9 howler monkeys
  A centaur zombie (Crypt:3)
  28 orc priests
  A jelly (D:4)
  5 sleepcaps
  11 hounds
  A human skeleton (Crypt:1)
  3 iguanas
  17 orc wizards
  Ijyb (D:4)
  2 naga skeletons
  27 gnolls
  6 adders
  A shadow imp (D:8)
  A white imp (D:5)
  An ufetubus (Vaults:2)
  A worm (D:2)
  2 dart slugs
  110 orcs
  10 bats
  5 endoplasms
  A giant cockroach (D:4)
  15 goblins
  12 hobgoblins
  15 kobolds
  5 ball pythons
  4 frilled lizards
  A hobgoblin skeleton (Crypt:1)
  An orc skeleton (Crypt:2)
  A quokka skeleton (Crypt:1)
  7 rats
  A butterfly (D:5)
  3 tentacles
2003 creatures vanquished.

Vanquished Creatures (collateral kills)
  3 acid blobs (Slime:5)
  Donald (Elf:3)
  2 azure jellies (Slime:5)
  A deep elf elementalist (Elf:3)
  2 formless jellyfish (Slime:5)
  2 deep elf demonologists
  A great orb of eyes (Slime:5)
  A yaktaur captain (Vaults:5)
  2 deep elf archers (Crypt:2)
  A troll (Crypt:2)
  3 slime creatures (Slime:1)
  2 orcs (Crypt:2)
21 creatures vanquished.

Vanquished Creatures (others)
  A deep elf knight (Elf:2)
  A naga ritualist (Snake:1)
  A deep elf archer (Elf:1)
  A deep elf zephyrmancer (Elf:3)
  4 deep elf pyromancers
  An elephant (Shoals:3)
  A merfolk (Shoals:3)
  2 wargs
  A naga (Crypt:1)
  4 orcs
  10 tentacles
27 creatures vanquished.

Grand Total: 2051 creatures vanquished

Notes
Turn   | Place    | Note
-------+----------+-------------------------------------------
     0 | D:1      | Graknight the Gargoyle Fighter began the quest for the Orb.
     0 | D:1      | Reached XP level 1. HP: 14/14 MP: 1/1
   235 | D:1      | Reached XP level 2. HP: 19/19 MP: 2/2
   843 | D:2      | Reached XP level 3. HP: 23/23 MP: 3/3
  1347 | D:2      | Reached XP level 4. HP: 29/29 MP: 4/4
  1737 | D:3      | Reached skill level 4 in Armour
  1774 | D:3      | Noticed Grinder
  1788 | D:3      | Paralysed by Grinder for 5 turns
  1796 | D:3      | Paralysed by Grinder for 5 turns
  1801 | D:3      | Killed Grinder
  1802 | D:3      | Reached XP level 5. HP: 5/34 MP: 5/5
  1802 | D:3      | Reached XP level 6. HP: 6/39 MP: 6/6
  2549 | D:4      | Reached skill level 5 in Armour
  2549 | D:4      | Reached skill level 5 in Shields
  2555 | D:4      | Reached skill level 5 in Fighting
  2555 | D:4      | Reached XP level 7. HP: 25/44 MP: 7/7
  2986 | D:4      | Noticed Ijyb
  3007 | D:4      | Killed Ijyb
  3168 | D:4      | Found a white marble altar of Elyvilon.
  3171 | D:4      | Found an opulent altar of Gozag.
  3376 | D:5      | Entered Level 5 of the Dungeon
  3647 | D:5      | Reached XP level 8. HP: 51/51 MP: 8/8
  3727 | D:5      | Found a snail-covered altar of Cheibriados.
  3794 | D:5      | Reached skill level 5 in Maces & Flails
  3794 | D:5      | Reached skill level 6 in Armour
  3824 | D:5      | Found a staircase to the Ecumenical Temple.
  3833 | Temple   | Entered the Ecumenical Temple
  4099 | D:5      | Found a broken altar of Ashenzari.
  4294 | D:5      | Found a sacrificial altar of Ru.
  4338 | D:6      | HP: 2/52 [orc priest/divine providence (13)]
  4481 | D:6      | Found a runed translucent gate.
  4481 | D:6      | Found a runed translucent gate.
  4481 | D:6      | Found a runed translucent gate.
  4481 | D:6      | Noticed Raspi's ghost (novice TrSh)
  4482 | D:6      | Noticed a two-headed ogre
  4776 | D:6      | Reached XP level 9. HP: 49/56 MP: 9/9
  5058 | D:6      | Reached skill level 7 in Armour
  5412 | D:6      | Killed a two-headed ogre
  5417 | D:6      | Killed Raspi's ghost
  5818 | D:7      | Reached skill level 8 in Armour
  6411 | D:8      | Found an iron altar of Okawaru.
  6472 | D:8      | Became a worshipper of Warmaster Okawaru
  6526 | D:8      | Reached XP level 10. HP: 35/64 MP: 10/10
  6624 | D:8      | Noticed a green ugly thing
  6648 | D:8      | Killed a green ugly thing
  6653 | D:8      | Reached * piety under Okawaru
  6746 | D:8      | Noticed a two-headed ogre
  7101 | D:8      | Reached skill level 9 in Armour
  7166 | D:8      | Killed a two-headed ogre
  7166 | D:8      | Reached ** piety under Okawaru
  7303 | D:8      | Found The Oracle's Delphic Readings.
  7307 | D:8      | Bought a scroll of identify for 20 gold pieces
  7307 | D:8      | Bought a scroll of identify for 20 gold pieces
  7837 | D:9      | Reached skill level 1 in Invocations
  7863 | D:9      | Reached XP level 11. HP: 47/71 MP: 11/11
  8027 | D:9      | Found a staircase to the Orcish Mines.
  8077 | D:9      | Reached *** piety under Okawaru
  8762 | D:9      | Found a burning altar of Makhleb.
  8878 | D:10     | Entered Level 10 of the Dungeon
  8936 | D:10     | Found Hugouwn's General Store.
  8974 | D:10     | Found a flagged portal.
  8983 | D:10     | Reached skill level 10 in Shields
  9007 | Bailey   | Entered a bailey
  9037 | Bailey   | Reached skill level 10 in Armour
  9042 | Bailey   | Reached skill level 10 in Fighting
  9118 | Bailey   | Noticed an orc knight
  9135 | Bailey   | Killed an orc knight
  9135 | Bailey   | Reached **** piety under Okawaru
  9278 | Bailey   | Noticed an orc high priest
  9280 | Bailey   | Noticed a sun demon
  9295 | Bailey   | Killed an orc high priest
  9297 | Bailey   | HP: 1/72 [electric eel/bolt of electricity (3)]
  9678 | Bailey   | Acquired the +0 helmet "Sonar Woe" {Rampage rN+ Will+
                  | rCorr}
  9690 | Bailey   | Acquired a manual of Armour
  9960 | Bailey   | Noticed an orc knight
  9989 | Bailey   | Killed an orc knight
 10316 | Bailey   | Found an iron altar of Okawaru.
 10327 | Bailey   | Noticed an orc sorcerer
 10352 | Bailey   | Paralysed by an orc sorcerer for 2 turns
 10355 | Bailey   | Killed an orc sorcerer
 10604 | Bailey   | Reached skill level 10 in Maces & Flails
 10604 | Bailey   | Reached skill level 12 in Armour
 10604 | Bailey   | Reached skill level 5 in Invocations
 10604 | Bailey   | Reached XP level 12. HP: 80/80 MP: 16/16
 10641 | Bailey   | Identified the +4 dire flail "Concordance" {drain, rElec
                  | rPois rN+ Int-2}
 10667 | Bailey   | Identified the +0 robe "Damnable Contraption" {Dex+3}
 11036 | D:10     | Found a transporter.
 11036 | D:10     | Found Xuuzxu Veav's Antique Armour Emporium.
 11107 | D:10     | Found a transporter.
 11130 | D:10     | Bought a pair of embroidered gloves for 210 gold pieces
 11154 | D:10     | Bought an encrusted helmet for 266 gold pieces
 11154 | D:10     | Identified the +0 helmet "Vyenymed" {Dex+3} (You bought it
                  | in a shop on level 10 of the Dungeon)
 11776 | D:11     | Found a staircase to the Lair.
 12288 | Lair:1   | Entered Level 1 of the Lair of Beasts
 12298 | Lair:1   | Reached ***** piety under Okawaru
 12312 | Lair:1   | Reached XP level 13. HP: 72/84 MP: 17/17
 13214 | Lair:1   | Reached skill level 13 in Armour
 13422 | Lair:2   | Found a staircase to the Shoals.
 14309 | Lair:2   | Acquired the +2 shield of Resistance {rF++ rC++ Will++}
 14309 | Lair:2   | Found the +2 shield of Resistance {rF++ rC++ Will++}
 14365 | Lair:3   | Received a gift from Okawaru
 14407 | Lair:3   | You fall into a shaft and drop 2 floors!
 14407 | Lair:5   | Entered Level 5 of the Lair of Beasts
 14461 | Lair:5   | Identified the +2 pair of boots of the Banana {rF+ Str+3}
 14828 | Lair:5   | Reached skill level 14 in Armour
 15003 | Lair:5   | Received a gift from Okawaru
 15411 | Lair:4   | Identified the ring "Soefeaff" {Dex+3 SInv}
 15493 | Lair:4   | Gained mutation: Your large and strong wings let you fly.
                  | [Gargoyle growth]
 15493 | Lair:4   | Reached XP level 14. HP: 88/92 MP: 20/20
 15555 | Lair:4   | Reached ****** piety under Okawaru
 15561 | Lair:3   | Found a staircase to the Snake Pit.
 15578 | Lair:3   | Received a gift from Okawaru
 15589 | Lair:3   | Acquired a +2 eveningstar of protection
 15589 | Lair:3   | Received a gift from Okawaru
 15810 | Lair:3   | Acquired the +8 orange crystal plate armour {Archmagi,
                  | Int+3 Clar}
 15810 | Lair:3   | Received a gift from Okawaru
 15810 | Lair:3   | Found the +8 orange crystal plate armour {Archmagi, Int+3
                  | Clar}
 15825 | Lair:3   | Learned a level 1 spell: Sandblast
 15829 | Lair:3   | Learned a level 3 spell: Stone Arrow
 16141 | Lair:3   | Reached skill level 15 in Armour
 16169 | Lair:3   | Reached skill level 1 in Earth Magic
 16268 | Lair:3   | Reached skill level 1 in Conjurations
 16288 | Lair:3   | Reached skill level 1 in Spellcasting
 16642 | Lair:4   | Found a viscous altar of Jiyva.
 16642 | Lair:4   | Found a staircase to the Slime Pits.
 16904 | Lair:4   | Received a gift from Okawaru
 18145 | Orc:1    | Entered Level 1 of the Orcish Mines
 18186 | Orc:1    | Found Huschaxo's Antique Armour Emporium.
 18213 | Orc:2    | Entered Level 2 of the Orcish Mines
 18235 | Orc:2    | Received a gift from Okawaru
 18452 | Orc:2    | Found a staircase to the Elven Halls.
 18508 | Orc:2    | Found Joorosch's Distillery.
 18518 | Orc:2    | Found Leenutec's Distillery.
 18533 | Orc:2    | HP: 2/94 [orc knight/+3 halberd of protection (15)]
 19478 | Orc:1    | Noticed an orc warlord
 19548 | Orc:2    | Killed an orc warlord
 19574 | Orc:1    | Received a gift from Okawaru
 19575 | Orc:1    | Reached skill level 16 in Armour
 20068 | Orc:2    | Reached XP level 15. HP: 99/99 MP: 21/21
 20088 | Orc:2    | Bought 2 potions of heal wounds for 140 gold pieces
 20332 | Orc:2    | Reached skill level 5 in Earth Magic
 20602 | Orc:2    | Received a gift from Okawaru
 20620 | Orc:2    | Reached skill level 5 in Conjurations
 20786 | Orc:2    | Found Wechis's Antique Armour Emporium.
 20786 | Orc:2    | Found Hixzou's Book Shoppe.
 20787 | Orc:2    | Found a one-way gate leading to the halls of Pandemonium.
 20791 | Orc:2    | Bought a manual of Armour for 1040 gold pieces
 20909 | Elf:1    | Entered Level 1 of the Elven Halls
 20920 | Elf:1    | Paralysed by an air elemental for 1 turns
 20927 | Elf:1    | Paralysed by an air elemental for 1 turns
 21097 | Elf:1    | Paralysed by an air elemental for 1 turns
 21107 | Orc:2    | Paralysed by an air elemental for 1 turns
 22055 | D:12     | Found a runed translucent door.
 22061 | D:12     | Found the +10 tower shield of Ignorance {rN+ Int-4}
 22067 | D:12     | Found a runed translucent door.
 22143 | D:12     | Received a gift from Okawaru
 22319 | D:12     | Noticed a tengu reaver
 22344 | D:12     | Killed a tengu reaver
 22753 | D:12     | Identified the ring "Fuketos" {rC+ rN+ EV+5}
 23286 | D:13     | Reached skill level 17 in Armour
 23290 | D:13     | Found a gate to the Vaults.
 23294 | D:13     | Reached skill level 5 in Spellcasting
 23409 | D:13     | Received a gift from Okawaru
 23626 | D:13     | Reached XP level 16. HP: 98/106 MP: 23/23
 23870 | D:13     | Received a gift from Okawaru
 25059 | D:14     | Received a gift from Okawaru
 25458 | D:15     | Entered Level 15 of the Dungeon
 25458 | D:15     | Found a radiant altar of Vehumet.
 26019 | D:15     | Found a staircase to the Depths.
 26034 | D:15     | Reached skill level 18 in Armour
 26286 | D:15     | Found Ymeh's Weapon Shoppe.
 26660 | Orc:2    | Bought a potion of curing for 42 gold pieces
 26660 | Orc:2    | Bought a potion of curing for 42 gold pieces
 26660 | Orc:2    | Bought a potion of curing for 42 gold pieces
 26660 | Orc:2    | Bought a potion of haste for 140 gold pieces
 26660 | Orc:2    | Bought a potion of heal wounds for 70 gold pieces
 26662 | Orc:2    | Bought a potion of curing for 42 gold pieces
 26662 | Orc:2    | Bought a potion of curing for 42 gold pieces
 26662 | Orc:2    | Bought a potion of might for 56 gold pieces
 26662 | Orc:2    | Bought a potion of haste for 140 gold pieces
 26860 | Snake:1  | Entered Level 1 of the Snake Pit
 26892 | Snake:1  | Received a gift from Okawaru
 26905 | Snake:1  | Found Webuates's Armour Boutique.
 27288 | Snake:1  | Found a broken altar of Ashenzari.
 27293 | Snake:1  | Reached skill level 15 in Fighting
 27318 | Snake:1  | Identified the +5 short sword "Arenueh" {protect, rElec
                  | rC+}
 27344 | Snake:1  | Received a gift from Okawaru
 27385 | Snake:1  | Found Suririg's Weapon Shop.
 27388 | Snake:1  | Found Meag Lui's Armour Shop.
 27388 | Snake:1  | Found Arivio's Magic Scroll Boutique.
 27719 | Snake:1  | Reached skill level 15 in Shields
 27719 | Snake:1  | Reached XP level 17. HP: 113/113 MP: 26/26
 28256 | Snake:1  | Received a gift from Okawaru
 29360 | Snake:3  | Reached skill level 19 in Armour
 29796 | Snake:1  | Bought a +2 cloak of willpower for 408 gold pieces
 30210 | Snake:3  | Received a gift from Okawaru
 30534 | Snake:4  | Entered Level 4 of the Snake Pit
 30734 | Snake:4  | Found a transporter.
 30740 | Snake:4  | Noticed an Executioner
 30784 | Snake:4  | Found a transporter.
 31191 | Snake:4  | Received a gift from Okawaru
 31377 | Snake:4  | Reached XP level 18. HP: 80/120 MP: 28/28
 31633 | Snake:4  | Reached skill level 20 in Armour
 31750 | Snake:4  | Got a serpentine rune of Zot
 32305 | Shoals:1 | Entered Level 1 of the Shoals
 32328 | Shoals:1 | Received a gift from Okawaru
 32490 | Shoals:1 | Found a frozen archway.
 32509 | Shoals:1 | Reached skill level 15 in Maces & Flails
 32530 | IceCv    | Entered an ice cave
 33248 | Shoals:1 | Received a gift from Okawaru
 33900 | Shoals:2 | Found a runed translucent gate.
 33900 | Shoals:2 | Found a runed translucent gate.
 33901 | Shoals:2 | Found a runed translucent gate.
 33902 | Shoals:2 | Noticed furman's ghost (adept MfSh)
 33922 | Shoals:2 | Killed furman's ghost
 33932 | Shoals:2 | Identified the +5 ring mail of Lethargy {rCorr Str-2
                  | Stlth+}
 34527 | Shoals:2 | Reached skill level 21 in Armour
 34861 | Shoals:2 | Received a gift from Okawaru
 35056 | Shoals:3 | Found a hide-covered altar of Uskayaw.
 35530 | Shoals:3 | Reached XP level 19. HP: 128/128 MP: 29/29
 35921 | Shoals:3 | Identified the +1 arbalest "Rummage" {freeze, MP+9}
 35982 | Shoals:3 | Identified the +0 ring mail of Nitzoe {rC+ Will+ Dex+3}
 36254 | Shoals:4 | Entered Level 4 of the Shoals
 36288 | Shoals:4 | Received a gift from Okawaru
 36458 | Shoals:4 | Found a stormy altar of Qazlal.
 36553 | Shoals:4 | Paralysed by an air elemental for 1 turns
 36556 | Shoals:4 | Paralysed by an air elemental for 1 turns
 36618 | Shoals:4 | Paralysed by an air elemental for 1 turns
 36629 | Shoals:4 | Paralysed by an air elemental for 1 turns
 36759 | Shoals:4 | Paralysed by an air elemental for 1 turns
 36799 | Shoals:4 | Received a gift from Okawaru
 36805 | Shoals:4 | Reached skill level 22 in Armour
 37231 | Shoals:4 | Got a barnacled rune of Zot
 37452 | Shoals:4 | Paralysed by an air elemental for 1 turns
 37641 | Vaults:1 | Entered Level 1 of the Vaults
 37870 | Vaults:1 | Found Sanoul's Assorted Antiques.
 37965 | Vaults:1 | Received a gift from Okawaru
 38377 | Vaults:1 | Received a gift from Okawaru
 38819 | Vaults:1 | Reached XP level 20. HP: 124/136 MP: 30/30
 39924 | Vaults:2 | Received a gift from Okawaru
 40410 | Vaults:2 | Reached skill level 23 in Armour
 41010 | Vaults:3 | Identified the +7 chain mail of Whack-A-Mole {rElec Regen+}
 41258 | Vaults:3 | Received a gift from Okawaru
 41737 | Vaults:3 | Found Pivion's Book Shoppe.
 41759 | Vaults:3 | Noticed Nikola
 41777 | Vaults:3 | Killed Nikola
 42621 | Temple   | Fell from the grace of Okawaru
 42621 | Temple   | Became a worshipper of the Shining One
 43452 | Vaults:3 | Found a staircase to the Crypt.
 43561 | Crypt:1  | Entered Level 1 of the Crypt
 43621 | Crypt:1  | Reached * piety under the Shining One
 43648 | Crypt:1  | Reached XP level 21. HP: 69/144 MP: 31/31
 43893 | Crypt:1  | Reached ** piety under the Shining One
 43935 | Crypt:1  | Identified the +7 mace of Acerph {drain, rN+ Dex+2}
 43987 | Crypt:1  | Found a shimmering altar of Xom.
 44020 | Crypt:1  | Reached *** piety under the Shining One
 44195 | Crypt:1  | Noticed Grunn
 44195 | Crypt:1  | Reached **** piety under the Shining One
 44212 | Crypt:1  | Killed Grunn
 44678 | Crypt:1  | Reached ***** piety under the Shining One
 47430 | Crypt:2  | Reached ****** piety under the Shining One
 47535 | Crypt:2  | Identified a +9 eveningstar of holy wrath (a +7 eveningstar
                  | of chaos blessed by the Shining One)
 47535 | Crypt:2  | Received a gift from the Shining One
 47946 | Crypt:3  | Entered Level 3 of the Crypt
 47999 | Crypt:3  | Was forgiven by Okawaru
 48025 | Crypt:2  | Reached skill level 10 in Invocations
 48426 | Crypt:3  | Found a basalt altar of Yredelemnul.
 48553 | Crypt:3  | Reached XP level 22. HP: 152/152 MP: 32/32
 48597 | Crypt:3  | Found a staircase to the Tomb.
 48722 | Crypt:3  | Reached skill level 24 in Armour
 48751 | Crypt:3  | Noticed a profane servitor
 48762 | Crypt:3  | Killed a profane servitor
 48810 | Crypt:3  | Noticed a profane servitor
 48813 | Crypt:3  | Found an ancient bone altar of Kikubaaqudgha.
 48825 | Crypt:3  | Killed a profane servitor
 48827 | Crypt:3  | Found a basalt altar of Yredelemnul.
 48865 | Crypt:3  | Identified the +0 plate armour "Yppyilynk" {+Inv rN+ Dex-3}
 49183 | Crypt:3  | Identified the staff of the Lusting Fox {rPois rN+ Will+
                  | Str+3 Necro}
 49209 | Crypt:3  | Learned a level 8 spell: Lehudib's Crystal Spear
 49398 | Vaults:4 | Noticed Xtahua
 49494 | Vaults:4 | Killed Xtahua
 49786 | Vaults:4 | Noticed Boris
 50044 | Vaults:4 | Killed Boris
 50198 | Vaults:4 | Identified the +11 falchion of Indomitability {freeze,
                  | +Blink}
 50238 | Vaults:4 | HP: 3/152 [deep troll[an ironbound preserver] (10)]
 51227 | Vaults:4 | Found Fallir's Antique Armour Shoppe.
 51227 | Vaults:4 | Noticed Zenata
 51969 | Vaults:4 | Killed Zenata
 52137 | Vaults:4 | Bought a crude scarf for 350 gold pieces
 52137 | Vaults:4 | Identified the scarf of the Hanged Man {shadows, Dex+3}
                  | (You bought it in a shop on level 4 of the Vaults)
 52401 | Vaults:5 | Entered Level 5 of the Vaults
 52594 | Vaults:4 | Reached XP level 23. HP: 123/158 MP: 33/33
 53333 | Vaults:5 | Noticed a golden dragon
 53462 | Vaults:5 | Killed a golden dragon
 53554 | Vaults:5 | Noticed an ancient lich
 53562 | Vaults:5 | Killed an ancient lich
 53901 | Vaults:5 | Noticed a golden dragon
 53912 | Vaults:5 | Killed a golden dragon
 54137 | Vaults:5 | Got a silver rune of Zot
 54147 | Vaults:5 | Noticed Boris
 54161 | Vaults:5 | Killed Boris
 54274 | Vaults:5 | HP: 7/160 [ettin/+1 dire flail of protection (13)]
 54275 | Vaults:5 | Identified the +8 morningstar "Jintan" {heavy, Will+ Str+4
                  | Int+6}
 54672 | Vaults:5 | Identified the +7 whip of Uschys {freeze, ^Drain rF+ rC++
                  | Dex+3}
 54933 | Vaults:5 | Reached skill level 25 in Armour
 55716 | Elf:1    | Paralysed by an air elemental for 1 turns
 55887 | Elf:1    | Reached XP level 24. HP: 151/166 MP: 33/33
 56051 | Elf:1    | Identified the +4 ring mail of the Endless Places {rN+
                  | Slay+3}
 57160 | Elf:2    | Found Qepsie's Book Boutique.
 57428 | Elf:2    | Found a huge runed translucent gate.
 57428 | Elf:2    | Found a huge runed translucent gate.
 57428 | Elf:2    | Found a huge runed translucent gate.
 57428 | Elf:2    | Found a huge runed translucent gate.
 57433 | Elf:2    | Found a huge runed translucent gate.
 57925 | Elf:3    | Entered Level 3 of the Elven Halls
 57986 | Elf:3    | Identified the +6 flail "Kowaowup" {freeze, rElec rCorr
                  | Int+3}
 58012 | Elf:3    | Reached skill level 15 in Invocations
 58627 | Elf:3    | Noticed Donald
 58649 | Elf:3    | Killed Donald
 58888 | Elf:3    | Found the +7 captain's cutlass {speed, disarm}
 59045 | Elf:3    | Identified the staff of the Skies Above {+Blink rPois rN++
                  | Alchemy}
 59089 | Elf:3    | Identified the +3 sling "Earthworm" {antimagic, Will++
                  | Int+4 SInv Stlth-}
 59146 | Elf:3    | Found the +8 Vampire's Tooth {megavamp}
 59187 | Elf:3    | Identified the +5 shortbow of the Sheltering Gods {flame,
                  | Str+4}
 59193 | Elf:3    | Identified the +2 helmet "Okaesosa" {rElec rN+ Slay-5}
 59572 | Slime:1  | Entered Level 1 of the Pits of Slime
 59578 | Slime:1  | Gained mutation: Your magical capacity is low. (-10% MP) [a
                  | shining eye]
 59582 | Slime:1  | Gained mutation: You have hidden genetic defects. [a
                  | shining eye]
 59588 | Slime:1  | Gained mutation: You occasionally shout uncontrollably at
                  | your foes. [a shining eye]
 59596 | Slime:1  | Gained mutation: You passively map a small area around you.
                  | [a shining eye]
 59605 | Slime:1  | Gained mutation: Potions are less effective at restoring
                  | your health. [a shining eye]
 59631 | Slime:1  | Gained mutation: Your spells are a little easier to cast,
                  | but a little less powerful. [a shining eye]
 60417 | Slime:2  | Gained mutation: Your health recovers twice as slowly from
                  | being drained. [a shining eye]
 60419 | Slime:2  | Gained mutation: You are frail. (-10% HP) [a shining eye]
 60435 | Slime:2  | Reached XP level 25. HP: 149/155 MP: 31/31
 60629 | Slime:2  | Gained mutation: You are very frail. (-20% HP) [a shining
                  | eye]
 60631 | Slime:2  | Gained mutation: You occasionally lose the ability to read
                  | scrolls when taking damage. [a shining eye]
 60635 | Slime:2  | Gained mutation: You are dopey. (Int -2) [a shining eye]
 60641 | Slime:2  | Gained mutation: You possess an exceptional clarity of
                  | mind. [a shining eye]
 61110 | Slime:3  | Gained mutation: You frequently scream uncontrollably at
                  | your foes. [hidden defects]
 61157 | Slime:3  | Gained mutation: You occasionally lose the ability to drink
                  | potions when taking damage. [a shining eye]
 61601 | Slime:5  | Entered Level 5 of the Pits of Slime
 61630 | Slime:5  | Noticed the Royal Jelly
 61642 | Slime:5  | Gained mutation: You are vulnerable to cold. (rC-) [a
                  | shining eye]
 61648 | Slime:5  | Gained mutation: You are weak. (Str -2) [a shining eye]
 61652 | Slime:5  | Gained mutation: You are clumsy. (Dex -2) [a shining eye]
 61670 | Slime:5  | HP: 3/139 [acid (4)]
 61670 | Slime:5  | The Shining One protects you from harm!
 61670 | Slime:5  | The Shining One protects you from harm!
 61671 | Slime:5  | Slain by an azure jelly

Illustrated notes

Levels and vault maps discovered:
D:1:      ebering_hopf_link, layout_loops_cross, minmay_pentomino_z4
D:2:      layout_loops_ring
D:3:      layout_basic, serial_curves, eino_curves_04, eino_curves_03,
          nicolae_figureground_sparkle, uniq_grinder
D:4:      kennysheep_six_static_rooms, layout_rooms, nicolae_overflow_squiral,
          uniq_ijyb
D:5:      layout_layer_cave, mainiacjoe_overflow_concentric_impassable,
          mainiacjoe_overflow_swirl, minmay_temple_entry_butterflies,
          serial_rivers, chequers_serial_rivers_micro_a,
          chequers_serial_rivers_micro_a, chequers_serial_rivers_room_a,
          chequers_serial_rivers_small_b, chequers_serial_rivers_micro_e,
          minmay_misc_feat_alley, kennysheep_generic_room_8
D:6:      layout_loops_ring, gammafunk_ghost_split, blue_anna_alchemist,
          nicolae_titane
D:7:      layout_loops_ring
D:8:      layout_basic, lemuel_tele_altar, nicolae_nh_oracle_at_delphi
D:9:      layout_roguey, lightli_temple_of_fire, david_orc_3, serial_rivers,
          chequers_serial_rivers_room_b, chequers_serial_rivers_small_b,
          chequers_serial_rivers_small_b, chequers_serial_rivers_room_a,
          chequers_serial_rivers_small_b, minmay_hedge_maze
D:10:     layout_loops_ring, serial_shops, nicolae_shop_drivethru,
          nicolae_shop_window_shopping, enter_bailey_5
D:11:     layout_loops_ring, david_lair_shrubbed
D:12:     minmay_connected_boxes_in_corner, layout_irregular_city,
          chequers_guarded_unrand_ignorance
D:13:     minmay_opposing_rooms, layout_stronghold, david_vaults_2
D:14:     layout_gridville, grunt_decor_mini_mirrors, nicolae_splish_splash
D:15:     hellmonk_depths_entry_around_the_bend, layout_loops_ring,
          vehumet_crystals, serial_shops, shop
Temple:   nicolae_temple_superstar
Lair:1:   layout_cave_pods
Lair:2:   layout_regular_city, nicolae_shoals_entry_roost
Lair:3:   layout_chaotic_city, guppyfry_snake_entry_island,
          gauntlet_entry_generic
Lair:4:   layout_cave_shapes, slime_entry_1, st_stairs_9, grunt_megastairs_2
Lair:5:   gammafunk_lair_ancient_temple, layout_misc_corridors
Shoals:1: layout_shoals, portal_ice_cave_entry_ugly_swarm
Shoals:2: layout_shoals, ebering_ghost_rock_garden
Shoals:3: layout_shoals, regret_index_shoals_crete
Shoals:4: shoals_end_hellmonk_storm_palace [storm_palace_center_ruins,
          storm_palace_corner_narrow, storm_palace_corner_altar,
          storm_palace_corner_grid, storm_palace_corner_reverse_hut],
          serial_shops
Snake:1:  layout_honeycomb, basic_altar, minmay_shoptagon
Snake:2:  layout_onion
Snake:3:  layout_layer_cave
Snake:4:  grunt_snake_rune_pools, layout_cave_town,
          gammafunk_ghost_abyssal_escape
Slime:1:  layout_caves, nicolae_slime_getting_an_eyeful
Slime:2:  layout_caves, nicolae_slime_crime_time
Slime:3:  layout_caves
Slime:4:  layout_caves
Slime:5:  slime_pit_nicolae_trefoil
Orc:1:    layout_caves, serial_shops, shop, mines1_david
Orc:2:    pf_orc_diabolical, layout_diamond_mine
Elf:1:    nicolae_elf_arrival_aired_out, layout_loops_corners, minivault_28,
          minmay_misc_feat_diagonals
Elf:2:    elven_hall_of_blades_hangedman_alternative [grunt_blade_entry_basic],
          layout_geoelf_grid, serial_shops, shop
Elf:3:    minmay_elf_hall_x, layout_gridlike, hangedman_decor_cross_pass,
          uniq_donald
Vaults:1: v_misc_18, nicolae_vaults_antechamber_and_loot_room,
          nicolae_vaults_diamond_1, nicolae_vaults_layer_cake_slice,
          hangedman_vaults_corner_blocks, layout_vaults_omnigrid, serial_shops,
          nicolae_shop_overgrown_old_shop
Vaults:2: nicolae_vaults_an_arrangement, nicolae_vaults_little_squares_3,
          ontoclasm_vaults_ring_small, v_pattern_2, grunt_vaults_hallway_long,
          vaults_dpeg_diagonal, hangedman_vaults_capsules,
          nicolae_vaults_closet_pinwheel_3, nicolae_vaults_more_shelving_1,
          grunt_vaults_hallway_short, serial_ice_b, ontoclasm_vaults_fault,
          grunt_vaults_hallway_short, nicolae_vaults_rhombus_7, v_misc_23,
          layout_vaults_omnicross
Vaults:3: nicolae_vaults_little_squares_6, nicolae_vaults_layer_cake_slice,
          v_misc_19, nicolae_vaults_tetromino_T_2,
          hangedman_vaults_corner_blocks, vaults_room_grunt_arrival_ludios,
          minmay_crypt_entry_simple_box, nicolae_vaults_house_3,
          vaults_dpeg_emergency_exit, grunt_vaults_hallway_short,
          layout_vaults_chaotic_city, serial_shops, shop, uniq_nikola
Vaults:4: nicolae_vaults_arrows, grunt_vaults_twisty,
          nicolae_vaults_trapezoid_lopsided_3, vaults_room_guarded_vault,
          v_misc_2, vaults_room_boxed, nicolae_vaults_asterisk,
          vaults_room_door_hall, nicolae_vaults_mini_display_case,
          layout_vaults_omnibox, serial_shops, nicolae_shop_tiny_statue_garden,
          uniq_zenata, uniq_boris, uniq_xtahua
Vaults:5: serial_shops
Crypt:1:  layout_misc_corridors, basic_altar, grunt_crypt_arrival_webbed,
          uniq_grunn
Crypt:2:  layout_gridlike, serial_sigils_hangedman_quiver
Crypt:3:  lightli_unholy_cathedral, layout_chaotic_city,
          tomb_entry_simple_bobbens, lemuel_statue_altar

Skill      XL: |  1  2  3  4  5  6  7  8  9 10 11 12 13 14 15 16 17 18 19 20 21 22 23 24 |
---------------+-------------------------------------------------------------------------+-----
Fighting       | 4 5 6 8 9 11 12 13 14 15 16 17 18 19 20 21 22 | 22.4
Armour         | 4 5 6 8 9 12 14 16 17 18 19 21 22 23 24 25 | 25.9
Shields        | 4 5 6 8 9 11 12 13 14 15 17 18 19 20 21 22 | 22.3
Maces & Flails | 3 4 5 7 8 10 11 12 13 14 15 16 17 18 19 20 | 20.6
Invocations    | 1 5 6 8 10 12 14 15 | 15.9
Earth Magic    | 4 6 8 9 |  9.4
Conjurations   | 4 6 7 8 |  8.5
Spellcasting   | 3 5 6 7 |  7.1

Action                     |  1- 3 |  4- 6 |  7- 9 | 10-12 | 13-15 | 16-18 | 19-21 | 22-24 | 25-27 || total
---------------------------+-------+-------+-------+-------+-------+-------+-------+-------+-------++-------
  Melee: Flail             |    46 |       |       |       |       |       |       |       |       ||    46
         Whip              |    57 |    79 |   357 |   727 |   596 |       |       |       |       ||  1816
         Eveningstar       |       |       |       |       |   976 |  1597 |  1318 |  1742 |   177 ||  5810
         Morningstar       |       |       |       |       |       |       |  1168 |       |       ||  1168
         Unarmed           |       |       |       |       |       |       |     2 |       |       ||     2
 Invoke: Heroism           |       |       |       |     2 |     2 |    14 |     2 |       |       ||    20
         Finesse           |       |       |       |     1 |     2 |     4 |     2 |       |       ||     9
         Receive Weapon    |       |       |       |       |     1 |       |       |       |       ||     1
         Receive Armour    |       |       |       |       |     1 |       |       |       |       ||     1
         Cleansing Flame   |       |       |       |       |       |       |     4 |     5 |     3 ||    12
         Divine Shield     |       |       |       |       |       |       |     2 |       |     1 ||     3
         Summon Divine War |       |       |       |       |       |       |     1 |     4 |     1 ||     6
         Brand Weapon With |       |       |       |       |       |       |     1 |       |       ||     1
    Use: Scroll            |       |     2 |     4 |    10 |    18 |    13 |     6 |     4 |       ||    57
         Potion            |       |       |     4 |     3 |     2 |       |     7 |       |     4 ||    20
   Stab: Confused          |       |       |       |       |       |       |     2 |       |       ||     2
 Armour: Scale mail        |    60 |    45 |   209 |       |       |       |       |       |       ||   314
         Chain mail        |       |       |       |    95 |       |       |       |       |       ||    95
         Plate armour      |       |       |       |   312 |   335 |       |       |       |       ||   647
         Crystal plate arm |       |       |       |       |   800 |   758 |  1241 |  1253 |    96 ||  4148
  Dodge: Dodged            |    40 |    18 |   118 |   154 |   248 |   299 |   540 |   360 |    31 ||  1808
  Block: Buckler           |     3 |       |       |       |       |       |       |       |       ||     3
         Kite shield       |    40 |    25 |   143 |   277 |  1699 |   122 |   583 |  1628 |   147 ||  4664
         Reflection        |       |       |       |       |    31 |   222 |    78 |   126 |     5 ||   462
         Tower shield      |       |       |       |       |    99 |  2558 |  3014 |   156 |       ||  5827

Table legend: (Time is in decaauts)
 A = Elapsed time spent in this place.
 B = Non-inter-level travel time spent in this place.
 C = Inter-level travel time spent in this place.
 D = Time resting spent in this place.
 E = Time spent auto-exploring this place.
 F = Levels seen in this place.
 G = Mean time per level.
                   A        B        C        D        E       F      G
               +--------+--------+--------+--------+--------+-----+--------+
         Total |  59865 |  54687 |   5178 |   9887 |  32530 |  49 | 1221.7 |
       Dungeon |  16962 |  14674 |   2288 |   1347 |  10419 |  15 | 1130.8 |
        Temple |    112 |     44 |     68 |      0 |      0 |   1 |  112.0 |
          Lair |   6100 |   5488 |    612 |    714 |   3541 |   5 | 1220.0 |
        Shoals |   4661 |   4518 |    143 |    537 |   2840 |   4 | 1165.2 |
     Snake Pit |   5239 |   4858 |    381 |    595 |   3281 |   4 | 1309.8 |
    Slime Pits |   1753 |   1654 |     99 |    166 |   1081 |   5 |  350.6 |
  Orcish Mines |   3268 |   2954 |    314 |   1143 |   1104 |   2 | 1634.0 |
   Elven Halls |   3525 |   3343 |    182 |    132 |   2502 |   3 | 1175.0 |
        Vaults |  11908 |  11044 |    864 |   3267 |   5637 |   5 | 2381.6 |
         Crypt |   4210 |   3988 |    222 |    892 |   1755 |   3 | 1403.3 |
        Bailey |   1725 |   1725 |      0 |   1012 |    196 |   1 | 1725.0 |
      Ice Cave |    395 |    395 |      0 |     82 |    173 |   1 |  395.0 |
               +--------+--------+--------+--------+--------+-----+--------+

Top non-repeatable levels by time:
Vaults:3: 3377 daAuts
Vaults:4: 3135 daAuts
   Orc:2: 2559 daAuts
Vaults:5: 1962 daAuts
 Snake:1: 1799 daAuts
Vaults:1: 1730 daAuts
  Bailey: 1725 daAuts
Vaults:2: 1703 daAuts
 Crypt:2: 1703 daAuts
    D:12: 1609 daAuts
 Crypt:1: 1582 daAuts
     D:8: 1576 daAuts
 Snake:4: 1548 daAuts
  Lair:5: 1481 daAuts
    D:13: 1442 daAuts
